 Dungeon Crawl Stone Soup version 0.31.0-12-g77e489cdc1 (webtiles) character file.

Game seed: 12303644620158220124

360 Silvore the Shield-Bearer (level 6, -2/48 HPs)
             Began as a Demonspawn Fighter on Feb 11, 2024.
             Slain by Grinder (6 damage)
             ... on level 4 of the Dungeon.
             The game lasted 00:04:33 (2653 turns).

Silvore the Shield-Bearer (Demonspawn Fighter)      Turns: 2653, Time: 00:04:36

Health: -2/48      AC: 10    Str: 19    XL:     6   Next: 38%
Magic:  6/6        EV: 10    Int:  8    God:
Gold:   133        SH:  6    Dex: 12    Spells: 5/5 levels left

rFire   . . .        a - +0 long sword
rCold   . . .        p - orb {light}
rNeg    . . .        b - +0 scale mail
rPois   .            (no helmet)
rElec   .            e - +2 cloak
rCorr   .            (no gloves)
SInv    .            (no boots)
Will    .....        (no amulet) Stlth
                     (no ring)
HPRegen 0.28/turn    (no ring)
MPRegen 0.10/turn

%: no passive effects
@: glowing
A: claws 2, large bone plates 2, powered by death 1
a: no special abilities


You were on level 4 of the Dungeon.
You visited 1 branch of the dungeon, and saw 4 of its levels.
You also visited: Sewer.

You collected 133 gold pieces.

Inventory:

Hand Weapons
 a - a +0 long sword (weapon)
Armour
 b - a +0 scale mail (worn)
 c - a +0 buckler
 e - a +2 cloak (worn)
 p - an orb of light (worn)
Jewellery
 j - a +6 ring of strength
 o - an amulet of regeneration
Scrolls
 d - 4 scrolls of enchant armour
 f - 2 scrolls of blinking
 r - a scroll of amnesia {unknown}
 t - a scroll of teleportation {unknown}
Potions
 g - 2 potions of invisibility
 h - 5 potions of curing
 i - 2 potions of brilliance {unknown}
 k - 4 potions of mutation {unknown}
 l - a potion of magic {unknown}
 m - a potion of cancellation {unknown}
 n - a potion of experience {unknown}
 q - 2 potions of attraction {unknown}
 s - a potion of enlightenment {unknown}


   Skills:
 + Level 3.7 Fighting
 + Level 3.9 Long Blades
 + Level 3.6 Armour
 + Level 1.3 Dodging
 + Level 0.1 Stealth
 + Level 4.0 Shields


You had 5 spell levels left.
You didn't know any spells.
Your spell library contained the following spells:

 Spells                   Type           Power      Damage    Failure   Level
 Call Imp                 Summ           0%         N/A       88%         2
 Scorch                   Fire           0%         2d5       88%         2
 Sublimation of Blood     Necr           0%         N/A       88%         2
 Animate Dead             Necr           0%         N/A       100%        4
 Flame Wave               Conj/Fire      0%         2d4       100%        4
 Summon Cactus Giant      Summ           0%         N/A       100%        6
 Haunt                    Necr/Summ      0%         N/A       100%        7
 Summon Hydra             Summ           0%         N/A       100%        7
 Infestation              Necr           0%         N/A       100%        8


Dungeon Overview and Level Annotations

Branches:
Dungeon (4/15)              Sewer (visited)
 Temple: D:4-7

Altars:
Cheibriados
Makhleb

Annotations:
D:4 Grinder


Innate Abilities, Weirdness & Mutations

You have very sharp fingernails.
You are mostly covered in large bone plates. (SH +6)
You regenerate a little health from kills.


Message History

You hit the goblin.
The goblin is severely wounded.
The goblin hits you but does no damage.
You slash the goblin!
You kill the goblin!
The ball python barely misses you. The ball python grabs you.
The ball python constricts you.
You slash the ball python!
You kill the ball python!
There is an open door here.
Things that are here:
a +0 dagger; a ball python corpse; a goblin corpse Grinder hits you.
You writhe in agony.
You hit Grinder but do no damage.
Grinder is moderately wounded.
Grinder completely misses you.
You hit Grinder.
Grinder is heavily wounded.
Grinder blinks!
Found 12 gold pieces.
Grinder hits you.
You writhe in agony.
You hit Grinder.
Grinder is heavily wounded.
Grinder gestures at you.
You suddenly lose the ability to move!
Grinder hits you.
* * * LOW HITPOINT WARNING * * *
You writhe in agony.
* * * LOW HITPOINT WARNING * * *
Grinder hits you!
* * * LOW HITPOINT WARNING * * *
You writhe in agony.
* * * LOW HITPOINT WARNING * * *
Grinder hits you but does no damage.
You can move again.
It was a potion of curing.
You feel better.
Grinder says, "Mostly I couldn't keep them alive."
Grinder hits you!
* * * LOW HITPOINT WARNING * * *
You writhe in agony.
You die...
Grinder sighs, "Dead already?
I want a refund."

#.........#####.
#..............$.
#................
#................
#................
#....##..........
#.?. #.......#
#.. #.......# #.
#..@5...## #
#........####
#......)....#
#.####+####.#
#.).......'.#
###.≈...≈.###
#(≈._.≈.#
#.≈...≈.####
+.......'..#


You could see Grinder.

Vanquished Creatures
  Pargi (Sewer)
  A brain worm (Sewer)
  Blork the orc (D:4)
  A bombardier beetle (D:3)
  Jessica (D:2)
  An adder (Sewer)
  A dart slug (D:1)
  2 ribbon worms (D:3)
  2 orcs (D:3)
  2 endoplasms
  2 giant cockroaches
  3 goblins
  4 hobgoblins
  3 jackals (D:3)
  A quokka (D:4)
  6 ball pythons
  3 bats
  7 frilled lizards
  7 kobolds
  5 rats
54 creatures vanquished.

Notes
Turn   | Place    | Note
-------+----------+-------------------------------------------
     0 | D:1      | Silvore the Demonspawn Fighter began the quest for the Orb.
     0 | D:1      | Reached XP level 1. HP: 18/18 MP: 1/1
   284 | D:1      | Noticed a glass eye
   289 | D:1      | Noticed a golden eye
   291 | D:1      | Found a faded altar of an unknown god.
   297 | D:1      | Gained mutation: You are partially covered in large bone
                  | plates. (SH +4) [demonic ancestry]
   297 | D:1      | Reached XP level 2. HP: 18/24 MP: 2/2
   364 | D:1      | Noticed a golden eye
   369 | D:1      | Noticed a great orb of eyes
   732 | D:2      | Reached skill level 3 in Shields
  1008 | D:2      | Noticed Jessica
  1013 | D:2      | Killed Jessica
  1014 | D:2      | Gained mutation: You are mostly covered in large bone
                  | plates. (SH +6) [demonic ancestry]
  1014 | D:2      | Reached XP level 3. HP: 19/29 MP: 3/3
  1402 | D:3      | Found a snail-covered altar of Cheibriados.
  1413 | D:3      | Gained mutation: You have sharp fingernails. [demonic
                  | ancestry]
  1413 | D:3      | Reached XP level 4. HP: 35/35 MP: 4/4
  1463 | D:3      | Found a glowing drain.
  1498 | Sewer    | Entered a sewer
  1582 | Sewer    | Noticed a brain worm
  1596 | Sewer    | Killed a brain worm
  1597 | Sewer    | Gained mutation: You regenerate a little health from kills.
                  | [demonic ancestry]
  1597 | Sewer    | Reached XP level 5. HP: 38/41 MP: 3/5
  1609 | Sewer    | Noticed Pargi
  1646 | Sewer    | Killed Pargi
  1647 | Sewer    | Reached skill level 1 in Dodging
  1647 | Sewer    | Gained mutation: You have very sharp fingernails. [demonic
                  | ancestry]
  1647 | Sewer    | Reached XP level 6. HP: 42/48 MP: 6/6
  2506 | D:4      | Noticed Blork the orc
  2516 | D:4      | Killed Blork the orc
  2517 | D:4      | Reached skill level 4 in Shields
  2582 | D:4      | Found a burning altar of Makhleb.
  2613 | D:4      | Noticed Grinder
  2622 | D:4      | Paralysed by Grinder for 4 turns
  2650 | D:4      | Paralysed by Grinder for 3 turns
  2651 | D:4      | HP: 1/48 [Grinder (4)]
  2653 | D:4      | Slain by Grinder

Illustrated notes

Levels and vault maps discovered:
D:1:      dpeg_arrival_rooms_c, layout_loops_ring,
          hellmonk_ecumenical_altar_watching_god
D:2:      layout_basic, uniq_jessica
D:3:      layout_loops_corners, slow_altar_1, cheibrodos_sewer_entry_bend
D:4:      layout_basic, mainiacjoe_overflow_six_doors_small,
          gammafunk_temple_overflow_statue, serial_glass, glass_columns_c,
          glass_columns_a, hangedman_decor_opposing, grunt_decor_clamped,
          nrook_loot_triangle, uniq_natasha, uniq_grinder, uniq_blork_the_orc

Skill      XL: |  1  2  3  4  5  6 |
---------------+-------------------+-----
Long Blades    | 2 3 |  3.9
Shields        | 3 4 |  4.0
Armour         | 3 |  3.6
Dodging        | 1 |  1.3
Fighting       | |  3.7
Stealth        | |  0.1

Action                     |  1- 3 |  4- 6 || total
---------------------------+-------+-------++-------
  Melee: Long sword        |   114 |   150 ||   264
    Use: Scroll            |     5 |     2 ||     7
         Potion            |       |     4 ||     4
 Armour: Scale mail        |    98 |   154 ||   252
  Dodge: Dodged            |    76 |    76 ||   152
  Block: Buckler           |    77 |    79 ||   156
